Construct Section Command Post
Selects Indian Artillery Battlegroup
Selects Towed ML 4.2-inch Heavy Mortar
Construct Field Infirmary
Construct Platoon Command Post
Selects Gurkha Rifles Section
6-pounder Anti-tank Gun Team
Construct Company Command Post
Selects Off-map Airburst Barrage
Selects Volunteer Infantry
Selects BL5.5 Artillery Emplacement
Unlock Towed 17-pounder Anti-tank Guns
17-pounder Anti-tank Gun Team